 Dungeon Crawl Stone Soup version 0.31-a0-1522-g43313d8a59 (webtiles) character file.

Game seed: 4275347672495706841

520 AstroCodex24 the Chopper (level 7, -6/55 HPs)
             Began as a Barachi Fighter on Dec 31, 2023.
             Mangled by a two-headed ogre
             ... wielding a +0 giant spiked club
              (34 damage)
             ... on level 5 of the Dungeon.
             The game lasted 00:05:21 (1221 turns).

AstroCodex24 the Chopper (Barachi Fighter)          Turns: 1221, Time: 00:05:21

Health: -6/55      AC: 13    Str: 19    XL:     7   Next: 21%
Magic:  7/7        EV:  6    Int:  8    God:
Gold:   77         SH:  5    Dex: 12    Spells: 6/6 levels left

rFire   . . .        a - +0 war axe
rCold   . . .        c - +0 buckler
rNeg    . . .        h - +0 plate armour
rPois   .            (no helmet)
rElec   .            (no cloak)
rCorr   +            g - +0 pair of gloves
SInv    .            (no boots)
Will    .....        (no amulet) Stlth
                     e - ring of resist corrosion
HPRegen 0.29/turn    (no ring)
MPRegen 0.10/turn

%: no passive effects
@: about to teleport, slow
A: amphibious, slowness 1, strong legs 1, +LOS
a: Hop


You were on level 5 of the Dungeon.
You visited 1 branch of the dungeon, and saw 5 of its levels.

You collected 77 gold pieces.

Inventory:

Hand Weapons
 a - a +0 war axe (weapon)
Armour
 b - a +0 scale mail
 c - a +0 buckler (worn)
 g - a +0 pair of gloves (worn)
 h - a +0 plate armour (worn)
Jewellery
 e - a ring of resist corrosion (left hand)
 i - a ring of flight
 l - an amulet of faith
Scrolls
 f - a scroll of identify
 k - a scroll of blinking {unknown}
Potions
 d - a potion of might


   Skills:
 + Level 4.9 Fighting
 + Level 6.1 Axes
 + Level 5.3 Armour
 + Level 1.3 Dodging
 + Level 0.1 Stealth
 + Level 4.1 Shields


You had 6 spell levels left.
You didn't know any spells.
Your spell library was empty.

Dungeon Overview and Level Annotations

Branches:
Dungeon (5/15)
 Temple: D:4-7

Altars:
Cheibriados
Wu Jian


Innate Abilities, Weirdness & Mutations

You are amphibious.
You cover ground slowly.
You can hop short distances.
You have an extended range of vision and can be seen from far away.


Message History

You block the iguana's attack.
You slash the iguana!
You kill the iguana!
You see here an adder corpse.
There is an open door, spattered with blood here.
Items here: ))))) [[[[[ †††.
You open the door.
There is an open door here.
There is an open door here.
There is an open door, spattered with blood here.
Items here: ))))) [[[[[ †††.
You see here an adder corpse.
You see here an adder corpse.
There is an open door, spattered with blood here.
Items here: ))))) [[[[[ †††.
There is an open door here.
There is an open door here.
There is an open door, spattered with blood here.
Items here: ))))) [[[[[ †††.
j - a scroll labelled POJACO SESONOR
Found a hand axe.
You see here a +0 hand axe.
A two-headed ogre comes into view.
It is wielding a +0 giant spiked club and a +0 giant club.
The two-headed ogre shouts in stereo!
The two-headed ogre hits you but does no damage.
You block the two-headed ogre's attack.
The two-headed ogre hits you with a +0 giant spiked club!!
The two-headed ogre hits you with a +0 giant club.
The two-headed ogre hits you but does no damage.
The two-headed ogre hits you with a +0 giant club!
As you read the scroll labelled SUS LIEKOEHOTU, it crumbles to dust.
It is a scroll of identify.
j - a scroll of teleportation
Okay, then.
Okay, then.
As you read the scroll of teleportation, it crumbles to dust.
You feel strangely unstable.
The two-headed ogre hits you with a +0 giant spiked club!!
Ouch! That really hurt!
You die...

.. #.# . o ...#
#.#####. .. .....
#...... ... ......
#....# ..
....######...##.#
#.............#
#..........#
#..........######
#.....@O........#
#...............#
######...............#
#............###.....#
#.###...†....).'.....#
##
#...#...†....###.....#
#. ###.#........#
#.....# #.
#####.#.#......#.#
#.....######.
#....)#.########.#
#####.#......


You could see a two-headed ogre.

Vanquished Creatures
  A black bear (D:4)
  A phantom (D:3)
  A scorpion (D:5)
  2 howler monkeys
  A bombardier beetle (D:5)
  A jelly (D:4)
  2 hounds (D:4)
  2 iguanas
  2 adders
  A dart slug (D:1)
  5 orcs (D:5)
  2 endoplasms
  2 goblins (D:4)
  2 hobgoblins
  4 jackals (D:4)
  A kobold (D:1)
  2 quokkas
  2 ball pythons
  2 bats
36 creatures vanquished.

Notes
Turn   | Place    | Note
-------+----------+-------------------------------------------
     0 | D:1      | AstroCodex24 the Barachi Fighter began the quest for the
                  | Orb.
     0 | D:1      | Reached XP level 1. HP: 18/18 MP: 1/1
    61 | D:1      | Reached XP level 2. HP: 19/25 MP: 2/2
   152 | D:4      | Noticed a phantom
   191 | D:3      | Killed a phantom
   192 | D:3      | Reached skill level 3 in Axes
   192 | D:3      | Reached XP level 3. HP: 29/30 MP: 3/3
   192 | D:3      | Reached XP level 4. HP: 36/37 MP: 4/4
   228 | D:4      | Reached skill level 1 in Dodging
   228 | D:4      | Reached XP level 5. HP: 12/43 MP: 5/5
   565 | D:4      | Reached skill level 4 in Axes
   654 | D:4      | Noticed a black bear
   656 | D:4      | Reached XP level 6. HP: 45/49 MP: 6/6
   672 | D:4      | Killed a black bear
   673 | D:4      | Reached skill level 5 in Axes
   673 | D:4      | Reached skill level 5 in Armour
   727 | D:4      | Found an ornate altar of the Wu Jian Council.
   880 | D:5      | Entered Level 5 of the Dungeon
   880 | D:5      | Found a snail-covered altar of Cheibriados.
  1076 | D:5      | Reached XP level 7. HP: 12/55 MP: 7/7
  1081 | D:5      | Reached skill level 6 in Axes
  1212 | D:5      | Noticed a two-headed ogre
  1221 | D:5      | Mangled by a two-headed ogre

Illustrated notes

Levels and vault maps discovered:
D:1:      dpeg_arrival_shrine, layout_basic
D:2:      layout_loops_corners, uniq_crazy_yiuf_cottage, uniq_jessica
D:3:      layout_basic
D:4:      layout_rooms, nzn_wu_jian_contemplation
D:5:      layout_basic, cheibriados_altar_1, minmay_temple_entry_hall,
          serial_corexii_hall, chequers_hall_statues_y,
          chequers_hall_statues_wall_a, uniq_eustachio

Skill      XL: |  1  2  3  4  5  6  7 |
---------------+----------------------+-----
Fighting       | 4 |  4.9
Axes           | 3 4 5 6 |  6.1
Armour         | 4 5 |  5.3
Shields        | 4 |  4.1
Dodging        | 1 |  1.3
Stealth        | |  0.1

Action                     |  1- 3 |  4- 6 |  7- 9 || total
---------------------------+-------+-------+-------++-------
  Melee: War axe           |    51 |   100 |     8 ||   159
    Use: Scroll            |       |       |     2 ||     2
         Potion            |       |       |     1 ||     1
 Armour: Scale mail        |    63 |    25 |       ||    88
         Plate armour      |       |   111 |    13 ||   124
  Dodge: Dodged            |    52 |    38 |     3 ||    93
  Block: Buckler           |    23 |    31 |     7 ||    61

Table legend: (Time is in decaauts)
 A = Elapsed time spent in this place.
 B = Non-inter-level travel time spent in this place.
 C = Inter-level travel time spent in this place.
 D = Time resting spent in this place.
 E = Time spent auto-exploring this place.
 F = Levels seen in this place.
 G = Mean time per level.
                   A        B        C        D        E       F      G
               +--------+--------+--------+--------+--------+-----+--------+
         Total |   1477 |   1477 |      0 |      0 |      0 |   5 |  295.4 |
       Dungeon |   1477 |   1477 |      0 |      0 |      0 |   5 |  295.4 |
               +--------+--------+--------+--------+--------+-----+--------+

Top non-repeatable levels by time:
     D:4: 828 daAuts
     D:5: 409 daAuts
     D:1: 117 daAuts
     D:3: 110 daAuts
     D:2: 12 daAuts
